 Dungeon Crawl Stone Soup version 0.28-a0-802-g09f76e8c00 (webtiles) character file.

Game seed: 15552489372029908844

130 spiderkeys the Ducker (level 4, -3/28 HPs)
             Began as a Deep Elf Abyssal Knight on Nov 7, 2021.
             Was a Follower of Lugonu.
             Slain by a small abomination (12 damage)
             ... on level 2 of the Abyss.
             The game lasted 00:01:09 (86 turns).

spiderkeys the Ducker (Deep Elf Abyssal Knight)       Turns: 86, Time: 00:01:10

Health: -3/28      AC:  3    Str:  8    XL:     4   Next: 90%
Magic:  0/9        EV: 12    Int: 16    God:    Lugonu [*.....]
Gold:   0          SH:  0    Dex: 15    Spells: 7/7 levels left

rFire   . . .      SeeInvis .   a - +1 spear
rCold   . . .      Faith    .   (no shield)
rNeg    . . .      Spirit   .   b - +0 leather armour
rPois   .          Reflect  .   (no helmet)
rElec   .          Harm     .   (no cloak)
rCorr   .          Rampage  .   (no gloves)
Will    .....                   (no boots)
Stlth   +.........              (no amulet)
HPRegen 0.09/turn               (no ring)
MPRegen 0.11/turn               (no ring)

@: no status effects
A: weak 1, MP-powered wands
a: Renounce Religion, Depart the Abyss


You were on level 2 of the Abyss.
You worshipped Lugonu.
Lugonu was aware of your devotion.
You visited 0 branches of the dungeon, and saw 0 of its levels.
You visited the Abyss 1 time.


Innate Abilities, Weirdness & Mutations

You are weak. (Str -2)
You expend magic power (3 MP) to strengthen your wands.


   Skills:
 + Level 3.0 Fighting
 - Level 1.3(1.7) Polearms
 + Level 1.8(2.2) Staves
 - Level 0.7 Armour
 + Level 3.4 Dodging
 + Level 2.4 Spellcasting
 + Level 3.0 Invocations


You had 7 spell levels left.
You didn't know any spells.
Your spell library contained the following spells:

 Spells                   Type           Power      Damage    Failure   Level
 Animate Armour           Summ/Erth      2%         N/A       95%         4
 Blade Hands              Tmut           0%         N/A       100%        5
 Iron Shot                Conj/Erth      0%         9d1       100%        6

Inventory:

Hand Weapons
 a - a +1 spear (weapon)
Armour
 b - a +0 leather armour (worn)
Wands
 d - a wand of iceblast (2)
   (You found it on level 2 of the Abyss)
Potions
 c - a potion of haste {unknown}

Dungeon Overview and Level Annotations

Branches:
Dungeon (0/15)

Altars:

. #.##.
...........#..# #.
......#.#.#...#..#≈≈≈≈
≈≈ . . ###...##..#..#
##≈≈≈≈ ≈≈ #.
#.#.#.#......# #≈≈≈≈≈≈
..... .....#.# # ≈≈≈.
≈ ...#...#3..#. # ≈
≈≈≈≈ . ##..#.###3##..
≈. ≈ . . #..#...§x.#
### ≈≈≈≈ ≈≈ . .
##.#..#@#.#..# .
#...#.....#
#..#...##.### #.#....
#.# #..##. ..# #.# ..#
.# # .. .. #. ### # #


You could see a neqoxec and a small abomination.


Message History

🤖 Initializing magus.rc ... ✅ Successfully initialized magus.rc [v1.9.10] Welcome, spiderkeys the Deep Elf Abyssal Knight.
Will you prevail where others failed? Will you find the Orb of Zot?
Lugonu says: Depart the Abyss and spread corruption, my servant! (use the ability menu to exit the Abyss) Press ? for a list of commands and other information.
Found two corrupted altars of Lugonu.
Found a gateway leading deeper into the Abyss.
c - a bubbling ruby potion
There is a gateway leading deeper into the Abyss here.
You plunge deeper into the Abyss.
You pick up a book of Iron and begin reading...
You add the spells Animate Armour, Blade Hands and Iron Shot to your library.
A neqoxec comes into view.
The neqoxec shouts!
The neqoxec gestures at you.
Something tries to feed on your intellect!
The neqoxec gestures at you.
You feel dopey. Something feeds on your intellect!
You see here a wand of iceblast (8).
d - a wand of iceblast (8)
The neqoxec gestures at you.
Strange energies course through your body.
You feel weaker.
Toss (no damage): wand of iceblast (8)
Press: ? - help, Shift-Dir - straight line, f - neqoxec
Aim: a neqoxec You toss away a wand of iceblast (8).
The wand of iceblast (8) misses the neqoxec.
A neqoxec comes into view.
The neqoxec gestures at you.
Strange energies course through your body.
You feel your magical essence link to the dungeon's wands.
The neqoxec shouts!
You see here a wand of iceblast (8).
d - a wand of iceblast (8)
Aiming: Iceblast
Press: ? - help, Shift-Dir - straight line, f/p - neqoxec
Aim: a neqoxec You feel a slight surge of power.
The mass of ice explodes!
The iceblast engulfs the neqoxec.
A small abomination comes into view. 😎 MP[-3]
You lost 3 mp, and now have 1/4 mp.
Aiming: Iceblast
Press: ? - help, Shift-Dir - straight line, f/p - neqoxec
Aim: a neqoxec (lightly wounded)
The mass of ice explodes!
The iceblast engulfs the neqoxec! 😎 MP[-1]
You lost 1 mp, and now have 0/4 mp.
Aiming: Iceblast
Press: ? - help, Shift-Dir - straight line, p - neqoxec The mass of ice explodes!
The iceblast engulfs the neqoxec!
The iceblast engulfs the neqoxec.
Aiming: Iceblast
Press: ? - help, Shift-Dir - straight line, f - neqoxec
Aim: a neqoxec (lightly wounded)
The mass of ice explodes!
The iceblast engulfs the neqoxec! x2
The neqoxec hits you!
Ouch! That really hurt!
* * * LOW HITPOINT WARNING * * *
😨 HP[-9]
You take 9 damage, and now have 4/13 hp.
MASSIVE DAMAGE!! (PAUSE)
The neqoxec closely misses you.
Aiming: Iceblast
Press: ? - help, Shift-Dir - straight line, f - neqoxec
Aim: a neqoxec (almost dead)
The mass of ice explodes!
The iceblast engulfs the neqoxec.
You kill the neqoxec!
The iceblast engulfs the small abomination.
You feel your intelligence returning.
Your Fighting skill increases to level 3!
Your base Staves skill increases to level 1!
Your Dodging skill increases to level 3!
Your Spellcasting skill gained 2 levels and is now at level 2!
Your Invocations skill increases to level 3!
You have reached level 2!
You have reached level 3!
Your experience leads to an increase in your attributes!
Your base attributes are Str 10, Int 14, Dex 15.
Increase (S)trength, (I)ntelligence, or (D)exterity?
You feel clever.
You have reached level 4!
You feel clever. 😨 HP[+5]
You now have 28 max hp (+15).
You regained 5 hp, and now have 9/28 hp.
Aiming: Iceblast
Press: ? - help, Shift-Dir - straight line, f - small abomination
Aim: a small abomination (lightly damaged)
The mass of ice explodes!
The iceblast engulfs the small abomination!
The iceblast engulfs the neqoxec!
The substance of the Abyss twists violently, and a gateway leading out appears!
The small abomination hits you!
You die...

Skill      XL: |  1 |
---------------+----+-----
Fighting       | 3 |  3.0
Staves         | 1 |  1.8
Dodging        | 3 |  3.4
Spellcasting   | 2 |  2.4
Invocations    | 3 |  3.0
Polearms       | |  1.3
Armour         | |  0.7

Action                   |  1- 3 |  4- 6 || total
-------------------------+-------+-------++-------
Evoke: Wand              |     5 |     1 ||     6
Dodge: Dodged            |     1 |       ||     1

Levels and vault maps discovered:
Abyss:2:  base: Temple, hangedman_decor_riveting

Notes
Turn   | Place    | Note
-------+----------+-------------------------------------------
     0 | Abyss:1  | spiderkeys the Deep Elf Abyssal Knight began the quest for
                  | the Orb.
     0 | Abyss:1  | Reached XP level 1. HP: 13/13 MP: 4/4
     0 | Abyss:1  | magus.rc [v1.9.10]
    37 | Abyss:2  | You pick up a book of Iron and begin reading...
    37 | Abyss:2  | You add the spells Animate Armour, Blade Hands and Iron
                  | Shot to your library.
    47 | Abyss:2  | Noticed a neqoxec
    61 | Abyss:2  | Gained mutation: You are weak. (Str -2) [a neqoxec]
    73 | Abyss:2  | Noticed a neqoxec
    74 | Abyss:2  | Gained mutation: You expend magic power (3 MP) to
                  | strengthen your wands. [a neqoxec]
    78 | Abyss:2  | Noticed a small abomination
    85 | Abyss:2  | Killed a neqoxec
    86 | Abyss:2  | Reached skill level 3 in Fighting
    86 | Abyss:2  | Reached skill level 1 in Staves
    86 | Abyss:2  | Reached skill level 3 in Dodging
    86 | Abyss:2  | Reached skill level 2 in Spellcasting
    86 | Abyss:2  | Reached skill level 3 in Invocations
    86 | Abyss:2  | Reached XP level 2. HP: 6/19 MP: 0/7
    86 | Abyss:2  | Reached XP level 3. HP: 7/23 MP: 0/8
    86 | Abyss:2  | Reached XP level 4. HP: 9/28 MP: 0/9
    86 | Abyss:2  | Slain by a small abomination

Vanquished Creatures
  A neqoxec (Abyss:2)
1 creature vanquished.

Table legend:
 A = Non-vault XP
 B = Vault XP
 C = Vault XP percentage of total XP
 D = Non-vault monster count
 E = Vault monster count
 F = Vault count percentage of total count
                 A         B        C        D         E       F
            +---------+---------+-------+---------+---------+-------
      Total |     187 |       0 |   0.0 |       1 |       0 |   0.0
            +---------+---------+-------+---------+---------+-------
    Abyss:2 |     187 |       0 |   0.0 |       1 |       0 |   0.0
            +---------+---------+-------+---------+---------+-------

Illustrated notes

Table legend:
 A = Kills in this place as a percentage of kills in entire the game.
 B = Kills by you in this place as a percentage of kills by you in the entire game.
 C = Kills by friends in this place as a percentage of kills by friends in the entire game.
 D = Other kills in this place as a percentage of other kills in the entire game.
 E = Experience gained in this place as a percentage of experience gained in the entire game.
 F = Experience gained in this place divided by the number of levels of this place that you have seen.
                   A       B       C       D       E      F
               +-------+-------+-------+-------+-------+----------------------
         Total | 100.0 | 100.0 |   N/A |   N/A | 100.0 |  93.5
         Abyss | 100.0 | 100.0 |   N/A |   N/A | 100.0 |  93.5
               +-------+-------+-------+-------+-------+----------------------

Table legend: (Time is in decaauts)
 A = Elapsed time spent in this place.
 B = Non-inter-level travel time spent in this place.
 C = Inter-level travel time spent in this place.
 D = Time resting spent in this place.
 E = Time spent auto-exploring this place.
 F = Levels seen in this place.
 G = Mean time per level.
                   A        B        C        D        E       F      G
               +--------+--------+--------+--------+--------+-----+--------+
         Total |     86 |     86 |      0 |      0 |     20 |   2 |   43.0 |
         Abyss |     86 |     86 |      0 |      0 |     20 |   2 |   43.0 |
               +--------+--------+--------+--------+--------+-----+--------+

Top non-repeatable levels by time:
 Abyss:2: 51 daAuts
 Abyss:1: 35 daAuts
